 Dungeon Crawl Stone Soup version 0.26.1-11-gd32895ea62 (webtiles) character file.

Game seed: 7402159933104044209

149 shadow764 the Chopper (level 5, -10/47 HPs)
             Began as a Minotaur Berserker on Apr 19, 2021.
             Was a Believer of Trog.
             Mangled by Robin
             ... wielding a +0 dagger of electrocution
              (15 damage)
             ... on level 4 of the Dungeon.
             The game lasted 00:03:22 (2783 turns).

shadow764 the Chopper (Minotaur Berserker)          Turns: 2783, Time: 00:03:22

Health: -10/47     AC:  9    Str: 23    XL:     5   Next: 9%
Magic:  4/4        EV:  9    Int:  4    God:    Trog [**....]
Gold:   137        SH:  0    Dex:  9    Spells: 4/4 levels left

rFire    . . .     SeeInvis .   a - +0 hand axe
rCold    . . .     Faith    .   (no shield)
rNeg     . . .     Spirit   .   o - +0 chain mail
rPois    .         Reflect  .   (helmet restricted)
rElec    .         Harm     .   (no cloak)
rCorr    .         Rampage  .   (no gloves)
Will     .....                  (no boots)
Stlth    ..........             (no amulet)
HPRegen  0.15/turn              (no ring)
MPRegen  0.09/turn              (no ring)

@: no status effects
A: retaliatory headbutt, horns 2
a: Renounce Religion, Berserk, Trog's Hand


You were on level 4 of the Dungeon.
You worshipped Trog.
Trog was pleased with you.
You visited 1 branch of the dungeon, and saw 4 of its levels.

You collected 137 gold pieces.

Inventory:

Hand Weapons
 a - a +0 hand axe (weapon)
Armour
 o - a +0 chain mail (worn)
Scrolls
 g - a scroll of identify
 j - a scroll of teleportation {unknown}
 k - a scroll of fog {unknown}
 m - 2 scrolls of fear
 n - a scroll of magic mapping {unknown}
 p - 2 scrolls of remove curse
 q - 2 scrolls of amnesia {unknown}
Potions
 b - a potion of might
 c - a potion of attraction {unknown}
 d - a potion of lignification {unknown}
 e - a potion of invisibility {unknown}
 f - a potion of mutation {unknown}
 h - a potion of resistance {unknown}
 i - 3 potions of curing {unknown}
 l - a potion of flight {unknown}


   Skills:
 + Level 4.7 Fighting
 + Level 5.2 Axes
 + Level 3.1 Armour
 + Level 3.0 Dodging
 + Level 0.8 Stealth


You had 4 spell levels left.
You didn't know any spells.
Your spell library was empty.

Dungeon Overview and Level Annotations

Branches:
Dungeon (4/15)
 Temple: D:4-7

Altars:

Annotations:
D:4 Robin


Innate Abilities, Weirdness & Mutations

You reflexively headbutt those who attack you in melee.
You have a pair of horns on your head.


Message History

Robin hits you but does no damage.
You are electrocuted!
You hit Robin.
Robin is moderately wounded.
Robin throws the goblin at you! The goblin hits you with a +3 dagger.
* * * LOW HITPOINT WARNING * * *
You hit Robin.
Robin is severely wounded.
You hit the goblin. Robin closely misses you.
The goblin hits you with a +3 dagger.
* * * LOW HITPOINT WARNING * * *
Okay, then.
You closely miss Robin.
Robin is severely wounded.
You hit the goblin.
You kill the goblin!
Trog accepts your kill.
Robin hits you with a +0 dagger of electrocution.
* * * LOW HITPOINT WARNING * * *
You are electrocuted!
You die...

. ..#.# . ..... . #.#.#
.## #.#.# ..###.#o#
......#.#
#..##.#.################
.<.............)@gg.....
##.##.##################
........ ##.##.###
...$.... ##.##.###
#.##.# #.##.#


You could see Robin and a goblin (strong).

Vanquished Creatures
  A gnoll (D:3)
  7 adders
  2 worms (D:3)
  2 dart slugs (D:3)
  6 orcs
  2 bats (D:3)
  3 giant cockroaches
  12 goblins
  6 hobgoblins
  6 kobolds
  9 frilled lizards
  9 rats
65 creatures vanquished.

Vanquished Creatures (others)
  4 plants (D:3)
4 creatures vanquished.

Grand Total: 69 creatures vanquished

Notes
Turn   | Place    | Note
-------+----------+-------------------------------------------
     0 | D:1      | shadow764 the Minotaur Berserker began the quest for the
                  | Orb.
     0 | D:1      | Reached XP level 1. HP: 19/19 MP: 0/0
   650 | D:1      | Reached XP level 2. HP: 27/27 MP: 1/1
   936 | D:2      | Reached skill level 4 in Axes
  1264 | D:2      | Reached XP level 3. HP: 25/33 MP: 2/2
  1936 | D:3      | Reached ** piety under Trog
  1991 | D:3      | Reached XP level 4. HP: 41/41 MP: 3/3
  2210 | D:3      | Reached skill level 5 in Axes
  2619 | D:3      | Reached XP level 5. HP: 47/47 MP: 4/4
  2764 | D:4      | Noticed Robin
  2783 | D:4      | Mangled by Robin

Illustrated notes

Levels and vault maps discovered:
D:1:      mrwooster_arrival_arrow, layout_loops_ring, kennysheep_boxes
D:2:      layout_basic, grunt_decor_one_mirror
D:3:      layout_loops_ring, kennysheep_pointless_box, serial_bayou_pond_b,
          kennysheep_generic_room_9
D:4:      layout_basic, serial_shops, shop, chequers_ossuary_entry_cave,
          uniq_blork_the_orc, uniq_edmund, uniq_robin

Skill      XL: |  1  2  3  4  5 |
---------------+----------------+-----
Fighting       | 4 |  4.7
Axes           | 4 5 |  5.2
Armour         | 3 |  3.1
Dodging        | 3 |  3.0
Stealth        | |  0.8

Action                   |  1- 3 |  4- 6 || total
-------------------------+-------+-------++-------
Melee: Hand axe          |    69 |    74 ||   143
       Headbutt          |    11 |    14 ||    25
  Use: Scroll            |       |     3 ||     3
Armor: Animal skin       |    10 |       ||    10
       Chain mail        |    11 |    29 ||    40
Dodge: Dodged            |    38 |    32 ||    70
